 Dungeon Crawl Stone Soup version 0.30-a0-12-gd8047c6341 (webtiles) character file.

Game seed: 7224602251064091849

19 Sabo the Chiller (level 2, 0/21 (22) HPs)
             Began as a Naga Ice Elementalist on Aug 23, 2022.
             Was a Follower of Jiyva.
             Slain by a jackal (1 damage)
             ... on level 1 of the Dungeon.
             The game lasted 00:05:38 (995 turns).

Sabo the Chiller (Naga Ice Elementalist)             Turns: 995, Time: 00:05:40

HP:   0/21 (22)     AC:  1    Str: 10    XL:     2   Next: 75%
MP:   5/5           EV:  9    Int: 21    God:    Jiyva [*.....]
Gold: 31            SH:  0    Dex: 11    Spells: 4/5 levels left

rFire   . . .      SeeInvis +    d - +0 dagger
rCold   . . .      Faith    .    (no shield)
rNeg    . . .      Spirit   .    a - +0 robe
rPois   +          Reflect  .    (no helmet)
rElec   .          Harm     .    (no cloak)
rCorr   .          Rampage  .    (no gloves)
Will    .....                    (no barding)
Stlth   ++........               (no amulet)
HPRegen 0.87/turn                c - +6 ring of intelligence
MPRegen 0.34/turn                j - ring of wizardry

@: lightly drained, very slow
A: AC +0, large, see invisible, deformed body, poison resistance, slowness 2,
spit poison 1, naga tail 1
a: Spit Poison, Renounce Religion


You were on level 1 of the Dungeon.
You worshipped Jiyva.
Jiyva was aware of your devotion.
You visited 1 branch of the dungeon, and saw 1 of its levels.

You collected 31 gold pieces.

Inventory:

Hand Weapons
 d - a +0 dagger (weapon)
 i - a +0 sling
Armour
 a - a +0 robe (worn)
Jewellery
 c - a +6 ring of intelligence (left hand)
 j - a ring of wizardry (right hand)
Scrolls
 f - 2 scrolls of identify {unknown}
 h - a scroll of butterflies {unknown}
Potions
 b - 2 potions of magic
 e - 3 potions of mutation {unknown}
 g - a potion of experience {unknown}


   Skills:
 + Level 1.6 Dodging
 + Level 3.2 Stealth
 + Level 2.1 Spellcasting
 + Level 4.6 Ice Magic


You had 4 spell levels left.
You knew the following spells:

 Your Spells              Type           Power      Damage    Failure   Level
a - Freeze                Ice            84%        1d10      1%          1

Your spell library contained the following spells:

 Spells                   Type           Power      Damage    Failure   Level
 Frozen Ramparts          Ice            42%        1d7       2%          3
 Ozocubu's Armour         Ice            21%        N/A       2%          3
 Hailstorm                Conj/Ice       11%        3d5       22%         4


Dungeon Overview and Level Annotations

Branches:
Dungeon (1/15)

Altars:
Jiyva


Innate Abilities, Weirdness & Mutations

Your serpentine skin is tough. (AC +0)
You have supernaturally acute eyesight. (SInv)
Armour fits poorly on your strangely shaped body.
Your system is resistant to poisons. (rPois)
You cover ground very slowly.
You can spit poison.
You have a snake-like lower body.


Message History

A jackal comes into view.
The rat bites you.
The ball python hisses angrily.
The jackal barks!
You hit the rat.
You kill the rat!
You hear a bark!
You hear a shout!
Found 7 gold pieces.
A jackal comes into view.
The ball python closely misses you. The jackal attacks as you move away!
The jackal bites you.
A hobgoblin comes into view.
The hobgoblin shouts!
The ball python bites you. The jackal bites you.
You closely miss the jackal. The ball python closely misses you.
The jackal bites you. x3; The ball python barely misses you.
You hit the jackal.
The jackal is heavily wounded.
The jackal bites you but does no damage.
The jackal closely misses you. The ball python closely misses you.
The jackal barely misses you. The jackal bites you. x2
The ball python bites you. The jackal bites you.
The hobgoblin closely misses you. The jackal bites you.
The jackal barely misses you.
You hit the jackal.
The jackal is heavily wounded.
The ball python bites you. The jackal bites you.
* * * LOW HITPOINT WARNING * * *
The jackal closely misses you. The jackal bites you.
* * * LOW HITPOINT WARNING * * *
The hobgoblin barely misses you. The jackal bites you.
* * * LOW HITPOINT WARNING * * *
The ball python bites you.
* * * LOW HITPOINT WARNING * * *
You hit the jackal.
The jackal is moderately wounded.
The jackal closely misses you. The jackal bites you.
* * * LOW HITPOINT WARNING * * *
A ball python comes into view.
The jackal bites you.
You die...

~.# #.. ##
#~####~###.# ..
#.#8~#.$~~.# # ≈≈
#.#.~#~##.~## .#
≈≈≈
#~#~~.~.##..##S##
≈≈≈
#~.#.~~..#~.....#
≈≈
#~~~~~~~~'Sh....##.
≈≈
#..#_.~~~h@g.......
..
#.~~~~~~~'h....[##.
..
#~.#~~~~~#.........
..
#.##~~.~~~......###
.#
#.#~~####.~###.## #
#.#8.#...### $#
#.~~##~..# # #.#
#~.~.~..# #..
##...#..## #.#


You could see 3 jackals, a hobgoblin and 2 ball pythons.

Vanquished Creatures
  A dart slug (D:1)
  2 ball pythons (D:1)
  A giant cockroach (D:1)
  3 goblins (D:1)
  2 hobgoblins (D:1)
  A quokka (D:1)
  A bat (D:1)
  2 frilled lizards (D:1)
  A kobold (D:1)
  3 rats (D:1)
  A spectral kobold (D:1)
18 creatures vanquished.

Notes
Turn   | Place    | Note
-------+----------+-------------------------------------------
     0 | D:1      | Sabo the Naga Ice Elementalist began the quest for the Orb.
     0 | D:1      | Reached XP level 1. HP: 15/15 MP: 3/3
   384 | D:1      | Reached XP level 2. HP: 22/22 MP: 5/5
   936 | D:1      | Found a faded altar of an unknown god.
   980 | D:1      | Prayed at the altar of an unknown god.
   980 | D:1      | Became a worshipper of Jiyva Jofy the Shapeless
   980 | D:1      | Reached * piety under Jiyva
   994 | D:1      | HP: 1/21 [ball python (2)]
   995 | D:1      | Slain by a jackal

Illustrated notes

Levels and vault maps discovered:
D:1:      dpeg_arrival_pits, layout_basic,
          dreamdust_ecumenical_altar_drowned_temple

Action                   || total
-------------------------++-------
Melee: Dagger            ||     8
 Cast: Freeze            ||     8
 Abil: Spit Poison       ||    13
Armor: Robe              ||     2
Dodge: Dodged            ||    18

Table legend: (Time is in decaauts)
 A = Elapsed time spent in this place.
 B = Non-inter-level travel time spent in this place.
 C = Inter-level travel time spent in this place.
 D = Time resting spent in this place.
 E = Time spent auto-exploring this place.
 F = Levels seen in this place.
 G = Mean time per level.
                   A        B        C        D        E       F      G
               +--------+--------+--------+--------+--------+-----+--------+
         Total |   1214 |   1214 |      0 |    416 |      0 |   1 | 1214.0 |
       Dungeon |   1214 |   1214 |      0 |    416 |      0 |   1 | 1214.0 |
               +--------+--------+--------+--------+--------+-----+--------+

Top non-repeatable levels by time:
     D:1: 1214 daAuts
